 Dungeon Crawl Stone Soup version 0.21-a0-414-gba8bdf1 (webtiles) character file.

249 Ijustatesigmund the Sneak (level 6, -1/38 HPs)
             Began as an Octopode Artificer on Nov 2, 2017.
             Slain by an iguana (9 damage)
             ... on level 5 of the Dungeon.
             The game lasted 00:09:06 (3604 turns).

Ijustatesigmund the Sneak (Octopode Artificer)      Turns: 3604, Time: 00:09:06

Health: -1/38      AC:  2    Str: 12    XL:     6   Next: 12%
Magic:  8/8        EV: 15    Int: 13    God:
Gold:   197        SH:  0    Dex: 14    Spells: 5/5 levels left

rFire    . . .     SeeInvis .   m - +2 spear (vamp)
rCold    . . .     Gourm    .   (no shield)
rNeg     . . .     Faith    .   f - +1 hat
rPois    .         Spirit   .   (no amulet)
rElec    .         Reflect  .   (no ring)
rCorr    .         Harm     .   (no ring)
MR       .....                  (no ring)
Stlth    ++++......             (no ring)
HPRegen  0.12/turn              (no ring)
MPRegen  0.11/turn              (no ring)
                                (no ring)
                                (no ring)

@: no status effects
A: almost no armour, stealthy swim, amphibious, 8 rings, constrict 8, camouflage
1, gelatinous body 1
a: no special abilities


You were on level 5 of the Dungeon.
You were hungry.

You visited 1 branch of the dungeon, and saw 5 of its levels.

You collected 197 gold pieces.

Inventory:

Hand Weapons
 a - a +0 short sword
 h - a +0 spear of venom
 m - a +2 vampiric spear (weapon)
Armour
 f - a +1 hat (worn)
Wands
 b - a wand of flame (15/48)
 c - a wand of enslavement (12/24)
 d - a wand of random effects (15/48)
 o - a wand of polymorph (6/24)
Scrolls
 e - 2 scrolls of identify
 k - 2 scrolls of remove curse
Potions
 j - a potion of lignification
Comestibles
 g - 4 fruits
 l - 2 bread rations
 n - a meat ration


   Skills:
 - Level 1.0 Fighting
 - Level 1.0 Short Blades
 + Level 2.7 Polearms
 + Level 4.0 Dodging
 + Level 5.2 Stealth
 - Level 3.2 Evocations


You had 5 spell levels left.
You didn't know any spells.

Dungeon Overview and Level Annotations

Branches:
Dungeon (5/15)             Temple (0/1) D:4

Altars:
Ashenzari
Okawaru
Trog

Annotations:
D:4 Natasha


Innate Abilities, Weirdness & Mutations

You cannot wear most types of armour.
You are very stealthy in the water. (Stealth+)
You are amphibious.
You can wear up to eight rings at the same time.
You can use your tentacles to constrict eight enemies at once.
Your skin changes colour to match your surroundings (Stealth+).
Your rubbery body absorbs attacks. (AC +1, EV +1)


Message History

A quokka comes into view.
You barely miss the iguana. Your grab misses the iguana.
You squeeze the iguana.
The iguana is moderately wounded.
The iguana bites you.
You barely miss the iguana. Your grab misses the iguana.
You squeeze the iguana.
The iguana is heavily wounded.
The iguana bites you!
* * * LOW HITPOINT WARNING * * *
You hit the iguana but do no damage. You grab the iguana.
You squeeze the iguana.
The iguana is heavily wounded.
You constrict the iguana, but do no damage.
The iguana closely misses you.
You hit the iguana but do no damage. Your squeeze misses the iguana.
The iguana is heavily wounded.
You constrict the iguana, but do no damage.
The iguana bites you!
You die...

#+# #.#
#@# #l#
#{or#
#......
##...##.#
...## ..
###.# ##
#.# #.#


You could see an iguana, an orc and a quokka.

Vanquished Creatures
  A bullfrog (D:3)
  Terence (D:3)
  5 adders
  3 oozes
  A worm (D:2)
  3 dart slugs
  A leopard gecko (D:2)
  3 orcs
  11 giant cockroaches
  10 goblins
  13 hobgoblins
  4 jackals (D:2)
  7 kobolds
  A quokka (D:4)
  5 bats
  4 frilled lizards
  13 rats
86 creatures vanquished.

Vanquished Creatures (collateral kills)
  2 goblins (D:3)
  2 hobgoblins (D:3)
4 creatures vanquished.

Vanquished Creatures (others)
  Robin (D:3)
1 creature vanquished.

Grand Total: 91 creatures vanquished

Notes
Turn   | Place    | Note
-------+----------+-------------------------------------------
     0 | D:1      | Ijustatesigmund the Octopode Artificer began the quest for the Orb.
     0 | D:1      | Reached XP level 1. HP: 13/13 MP: 3/3
    65 | D:1      | Reached skill level 2 in Stealth
   357 | D:1      | Reached XP level 2. HP: 10/18 MP: 4/4
  1041 | D:2      | Reached XP level 3. HP: 23/23 MP: 5/5
  1054 | D:2      | Reached skill level 3 in Stealth
  1119 | D:2      | HP: 1/23 [poisoned by an adder]
  1449 | D:2      | Reached skill level 1 in Polearms
  1511 | D:2      | Reached XP level 4. HP: 23/28 MP: 6/6
  1535 | D:2      | Found an iron altar of Okawaru.
  1822 | D:2      | Reached skill level 4 in Stealth
  2031 | D:3      | Found a shattered altar of Ashenzari.
  2240 | D:3      | Noticed Robin
  2265 | D:3      | Reached XP level 5. HP: 20/33 MP: 7/7
  2286 | D:3      | Your ally died
  2520 | D:3      | Noticed Terence
  2624 | D:3      | Killed Terence
  2647 | D:3      | Found a bloodstained altar of Trog.
  2842 | D:3      | Reached skill level 5 in Stealth
  2842 | D:3      | Reached XP level 6. HP: 3/38 MP: 8/8
  3282 | D:4      | Noticed Natasha
  3302 | D:4      | Found a staircase to the Ecumenical Temple.
  3324 | D:5      | Entered Level 5 of the Dungeon
  3604 | D:5      | Slain by an iguana

Vault maps used:
D:1:      elethiomel_arrival_maze, minmay_curled_crystal
D:2:      lemuel_round_altar
D:3:      minmay_roachtagon, ashenzari_altar_1, bloody_trog, first_bread,
          uniq_terence, uniq_robin
D:4:      minmay_temple_entry_overgrown, serial_shops,
          nicolae_shop_overgrown_old_shop, gup_sewer_entry_bubbles,
          nemelex_spade_bored_becter, uniq_natasha
D:5:      overflow_temple_1_default, nicolae_tso_swordbearing_angel, uniq_pikel

Skill      XL: |  1  2  3  4  5  6 |
---------------+-------------------+-----
Stealth        | 2 3 4 5 |  5.2
Polearms       | 1 2 |  2.7
Dodging        | 3 4 |  4.0
Fighting       | |  1.0
Short Blades   | |  1.0
Evocations     | |  3.2

Action                   |  1- 3 |  4- 6 || total
-------------------------+-------+-------++-------
Melee: Short sword       |    20 |       ||    20
       Constrict         |    20 |    26 ||    46
       Tentacles         |     7 |    18 ||    25
       Spear             |    56 |   141 ||   197
       Unarmed           |       |     5 ||     5
Evoke: Wand              |       |     3 ||     3
  Use: Scroll            |     3 |     5 ||     8
       Potion            |     2 |     2 ||     4
 Stab: Sleeping          |    10 |     8 ||    18
       Confused          |       |     1 ||     1
  Eat: Chunk             |     1 |     5 ||     6
       Bread ration      |       |     1 ||     1
       Fruit             |       |     2 ||     2
Armor: Skin              |     3 |    32 ||    35
Dodge: Dodged            |    46 |    82 ||   128

Table legend:
 A = Spawn XP
 B = Non-spawn XP
 C = Spawn XP percentage of total XP
 D = Spawn monster count
 E = Non-spawn monster count
 F = Spawn count percentage of total count
 G = Total turns spent on level
                    A         B        C        D         E        F      G
               +---------+---------+-------+---------+---------+-------+---------
         Total |       0 |     357 |   0.0 |       0 |      90 |   0.0 |  3604
               +---------+---------+-------+---------+---------+-------+---------
           D:1 |       0 |      30 |   0.0 |       0 |      18 |   0.0 |  1297
           D:2 |       0 |     108 |   0.0 |       0 |      30 |   0.0 |   734
           D:3 |       0 |     197 |   0.0 |       0 |      38 |   0.0 |  1255
           D:4 |       0 |       5 |   0.0 |       0 |       2 |   0.0 |    40
           D:5 |       0 |      17 |   0.0 |       0 |       2 |   0.0 |   278
               +---------+---------+-------+---------+---------+-------+---------
